 Dungeon Sprint DCSS version 0.22-a0-417-g1387785 (webtiles) character file.

10087 Mgcat the Warrior (level 11, 0/85 HPs)
             Began as a Gargoyle Fighter on May 14, 2018.
             Was a Follower of Ru.
             Slain by an orc warrior
             ... wielding a +0 trident
              (18 damage)
             ... in the Dungeon (Sprint IX: "|||||||||||||||||||||||||||||").
             The game lasted 00:09:24 (1241 turns).

Mgcat the Warrior (Gargoyle Fighter)                Turns: 1241, Time: 00:09:24

Health: 0/85       AC: 31    Str: 26    XL:     11   Next: 56%
Magic:  11/11      EV: 12    Int:  9    God:    Ru [*.....]
Gold:   9          SH:  0    Dex:  9    Spells: 10/10 levels left

rFire    . . .     SeeInvis .   t - +2 dire flail (protect)
rCold    . . .     Gourm    .   (shield currently unavailable)
rNeg     + . .     Faith    .   u - +1 scale mail
rPois    ∞         Spirit   .   (no helmet)
rElec    +         Reflect  .   q - +0 cloak
rCorr    .         Harm     .   e - +0 pair of gloves
MR       .....     NoTele   +   p - +0 pair of boots
Stlth    ..........             (no amulet)
HPRegen  0.24/turn              r - +2 ring of evasion
MPRegen  0.12/turn              s - +3 ring of strength

@: protection aura, berserk cooldown, slowed, very slow
A: negative energy resistance 1, electricity resistance, unbreathing,
petrification resistance, rot immunity, hated by all, AC +8
a: Renounce Religion


You were in the Dungeon.
You worshipped Ru.
Ru was aware of your devotion.
You were not hungry.

You visited 1 branch You collected 9 gold pieces.

Inventory:

Hand Weapons
 a - a +0 flail
 t - a +2 dire flail of protection (weapon)
   (You found it in the Dungeon)
Missiles
 b - 8 curare-tipped needles
Armour
 e - a +0 pair of gloves (worn)
   (You found it in the Dungeon)
 p - a +0 pair of boots (worn)
   (You found it in the Dungeon)
 q - a +0 cloak (worn)
   (You found it in the Dungeon)
 u - a +1 scale mail (worn)
   (You found it in the Dungeon)
Magical Staves
 n - an uncursed staff of energy {+MP, hungerless spells, !d!a@w1}
   (You found it in the Dungeon)
Jewellery
 r - a +2 ring of evasion (left hand)
   (You found it in the Dungeon)
 s - a +3 ring of strength (right hand)
   (You found it in the Dungeon)
Wands
 o - a wand of iceblast (10)
   (You found it in the Dungeon)
Scrolls
 h - 4 scrolls of remove curse
 k - 3 scrolls of blinking {!r}
 m - 2 scrolls of amnesia
 x - 5 scrolls of fog
Potions
 c - a potion of cancellation {unknown}
 g - a potion of curing
 i - 4 potions of magic
 j - a potion of berserk rage {!q}
 v - a potion of resistance
Comestibles
 f - 12 rations


   Skills:
 + Level 17.3 Fighting
 + Level 17.1 Maces & Flails
 - Level 15.2 Armour
   Level 3.2 Shields


You had 10 spell levels left.
You didn't know any spells.
Your spell library was empty.

Dungeon Overview and Level Annotations

Branches:
Dungeon (1/1)

Altars:
Cheibriados
Dithmenos
Elyvilon
Fedhas
Gozag
Hepliaklqana
Kikubaaqudgha
Makhleb
Nemelex Xobeh
Okawaru
Qazlal
Ru
Sif Muna
Trog
Uskayaw
Vehumet
Wu Jian
Xom
Yredelemnul
Zin
The Shining One
Beogh
Jiyva
Lugonu


Innate Abilities, Weirdness & Mutations

You are resistant to torment.
Your stone body is resilient. (AC +8)
You are immune to poison.
You resist negative energy. (rN+)
You are resistant to electric shocks. (rElec)
You can survive without breathing.
You are immune to petrification.
You are immune to rotting.
You are hated by all.


Message History

You kill the orc!
You bludgeon the orc priest!!
You kill the orc priest!
Items here: $ ) [ † a club; a ring mail; 50 gold pieces; an orc corpse You feel a strong urge to attack something.
An orc comes into view.
You are no longer berserk.
You are exhausted.
You feel yourself slow down.
The orc shouts!
The orc knight hits you with an enchanted great sword!
* * * LOW HITPOINT WARNING * * *
You see here 50 gold pieces.
You bludgeon the orc knight!!
The orc knight is moderately wounded.
The orc no longer looks unusually strong. x2
The orc knight roars a battlecry!
The orcs go into a battle-frenzy!
You hit the orc knight but do no damage.
The orc knight is moderately wounded.
The orc knight hits you with an enchanted great sword.
* * * LOW HITPOINT WARNING * * *
You completely miss the orc knight.
The orc knight is moderately wounded.
The orc wizard no longer looks unusually strong.
You hit the orc knight.
The orc knight is heavily wounded.
The orc warrior no longer looks unusually strong.
The orc knight no longer looks unusually strong.
The orc knight closely misses you.
You redirect the orc wizard's attack!
You hit the orc knight but do no damage.
The orc knight is heavily wounded.
The orc knight barely misses you.
You sock the orc knight!
The orc knight is severely wounded.
The orc wizard begins to cast a cantrip, but forgets the words!
You barely miss the orc knight.
The orc knight is severely wounded.
The orc warrior no longer looks unusually strong.
The orc knight roars a battlecry!
The orcs go into a battle-frenzy!
You puncture the orc knight!
The orc knight is severely wounded.
The orc knight hits you with an enchanted great sword!
* * * LOW HITPOINT WARNING * * *
You hit the orc knight.
The orc knight is severely wounded.
The orc knight closely misses you.
You impale the orc knight!!
You kill the orc knight!
Your Maces & Flails skill increases to level 17!
You feel better.
The orc warrior hits you but does no damage.
The orc wizard casts a spell.
The orc wizard flickers and vanishes!
Deactivating autopickup; reactivate with Ctrl-A.
The orc warrior hits you from afar with a trident.
* * * LOW HITPOINT WARNING * * *
The orc warrior closely misses you.
You feel better.
The orc warrior hits you with a short sword.
* * * LOW HITPOINT WARNING * * *
The orc warrior hits you from afar with a trident.
* * * LOW HITPOINT WARNING * * *
You feel better.
You redirect the orc wizard's attack!
The orc warrior closely misses you.
The orc warrior hits you but does no damage.
The orc warrior completely misses you.
The orc warrior hits you but does no damage.
You feel better.
The orc no longer looks unusually strong.
The orc warrior yells loudly.
The orc warrior misses you. The orc warrior closely misses you.
An orc comes into view. It is wielding a club.
You feel better.
The orc wizard no longer looks unusually strong.
The orc no longer looks unusually strong.
The orc warrior hits you with a short sword.
The orc warrior hits you but does no damage.
The orc warrior hits you with a short sword!
You closely miss the orc warrior.
The orc warrior hits you but does no damage. x2
You completely miss the orc warrior.
The orc warrior hits you from afar with a trident!
* * * LOW HITPOINT WARNING * * *
The orc warrior hits you but does no damage.
You hit the orc warrior but do no damage.
Your weapon exudes an aura of protection.
The orc warrior hits you but does no damage. x2
You thump the orc warrior!
The orc warrior is moderately wounded.
The orc warrior no longer looks unusually strong.
The orc warrior closely misses you.
You bludgeon the orc warrior!!
You kill the orc warrior!
The orc warrior hits you with a trident!!
You die...

.÷.....(.)...'___________________
▓▓▓▓▓▓▓▓▓▓▓▓▓▓▓▓▓▓▓▓▓▓▓▓▓▓▓▓▓▓▓▓▓
.................................
▓▓▓▓▓▓▓▓▓▓▓▓▓▓▓▓▓▓▓▓▓▓▓▓▓▓▓▓▓▓▓▓▓
....'......)......÷÷........†....
▓▓▓▓▓▓▓▓▓▓▓▓▓▓▓▓▓▓▓▓▓▓▓▓▓▓▓▓▓▓▓▓▓
.................................
▓▓▓▓▓▓▓▓▓▓▓▓▓▓▓▓▓▓▓▓▓▓▓▓▓▓▓▓▓▓▓▓▓
..........')$))$@oo{ooo.
▓▓▓▓▓▓▓▓▓▓▓▓▓▓▓▓▓▓▓▓▓▓▓▓


You could see an orc warrior, an orc wizard and 3 orcs.

Vanquished Creatures
  2 hydras (D)
  Erica (D)
  Sonja (D)
  3 lindwurms (D)
  3 orc knights (D)
  A black mamba (D)
  4 spiny frogs (D)
  A komodo dragon (D)
  3 tyrant leeches (D)
  A hornet (D)
  2 hippogriffs (D)
  3 yaks (D)
  2 basilisks (D)
  A water moccasin (D)
  An ice beast (D)
  A porcupine (D)
  A sky beast (D)
  2 orc warriors (D)
  2 ogres (D)
  2 centaurs (D)
  A big kobold (D)
  2 bullfrogs (D)
  An orc priest (D)
  An orc wizard (D)
  An iguana (D)
  2 worker ants (D)
  A shadow imp (D)
  An adder zombie (D)
  2 worms (D)
  2 orcs (D)
  A hobgoblin (D)
  A quokka (D)
  A ball python (D)
  2 bats (D)
  A rat (D)
57 creatures vanquished.

Notes
Turn   | Place    | Note
-------+----------+-------------------------------------------
     0 | D        | Mgcat the Gargoyle Fighter began the quest for the Orb.
     0 | D        | Reached XP level 1. HP: 14/14 MP: 1/1
    20 | D        | Reached skill level 4 in Fighting
    27 | D        | Reached skill level 3 in Maces & Flails
    42 | D        | Noticed a centaur
    42 | D        | Noticed an ogre
    42 | D        | Noticed an ogre
    42 | D        | Noticed a worker ant
    52 | D        | Reached XP level 2. HP: 6/20 MP: 2/2
    52 | D        | HP: 5/20 [centaur/arrow (1)]
    60 | D        | Killed a centaur
    60 | D        | Reached skill level 7 in Fighting
    60 | D        | Reached skill level 6 in Maces & Flails
    60 | D        | Reached XP level 3. HP: 28/28 MP: 3/3
    60 | D        | Reached XP level 4. HP: 34/34 MP: 4/4
    68 | D        | Killed an ogre
    68 | D        | Reached skill level 9 in Fighting
    68 | D        | Reached skill level 8 in Maces & Flails
    68 | D        | Reached XP level 5. HP: 32/41 MP: 5/5
    71 | D        | Killed an ogre
    71 | D        | Reached skill level 10 in Fighting
    71 | D        | Reached skill level 9 in Maces & Flails
    71 | D        | Reached XP level 6. HP: 38/48 MP: 6/6
    84 | D        | Found a roughly hewn altar of Beogh.
    84 | D        | Found a snail-covered altar of Cheibriados.
    84 | D        | Found a shadowy altar of Dithmenos.
    84 | D        | Found a white marble altar of Elyvilon.
    84 | D        | Found a blossoming altar of Fedhas.
    84 | D        | Found an opulent altar of Gozag.
    85 | D        | Found a hazy altar of Hepliaklqana.
    86 | D        | Found a viscous altar of Jiyva.
    87 | D        | Found an ancient bone altar of Kikubaaqudgha.
    88 | D        | Found a corrupted altar of Lugonu.
    89 | D        | Found a burning altar of Makhleb.
    90 | D        | Found a sparkling altar of Nemelex Xobeh.
    91 | D        | Found an iron altar of Okawaru.
    92 | D        | Found a stormy altar of Qazlal.
    93 | D        | Found a sacrificial altar of Ru.
    94 | D        | Found a deep blue altar of Sif Muna.
    95 | D        | Found a bloodstained altar of Trog.
    96 | D        | Found a hide-covered altar of Uskayaw.
    97 | D        | Found a radiant altar of Vehumet.
    98 | D        | Found an ornate altar of the Wu Jian Council.
    99 | D        | Found a shimmering altar of Xom.
   100 | D        | Found a basalt altar of Yredelemnul.
   101 | D        | Became a worshipper of Ru the Awakened
   102 | D        | Found a glowing silver altar of Zin.
   103 | D        | Found a glowing golden altar of the Shining One.
   169 | D        | Noticed an orc warrior
   169 | D        | Noticed a hornet
   169 | D        | Noticed a hippogriff
   177 | D        | Killed an orc warrior
   177 | D        | Reached skill level 11 in Fighting
   177 | D        | Reached skill level 10 in Maces & Flails
   187 | D        | Killed a hornet
   187 | D        | Reached skill level 12 in Fighting
   187 | D        | Reached skill level 11 in Maces & Flails
   187 | D        | Reached XP level 7. HP: 47/56 MP: 7/7
   194 | D        | Killed a hippogriff
   273 | D        | Reached skill level 13 in Fighting
   273 | D        | Reached skill level 12 in Maces & Flails
   273 | D        | Reached XP level 8. HP: 59/63 MP: 8/8
   307 | D        | Gained mutation: You are hated by all. [Ru sacrifice]
   307 | D        | Reached * piety under Ru
   421 | D        | Noticed a yak
   421 | D        | Noticed a yak
   421 | D        | Noticed a spiny frog
   421 | D        | Noticed a black mamba
   421 | D        | Noticed a komodo dragon
   421 | D        | Noticed a spiny frog
   426 | D        | Killed a yak
   426 | D        | Reached skill level 14 in Fighting
   434 | D        | Killed a yak
   434 | D        | Reached skill level 13 in Maces & Flails
   444 | D        | Killed a spiny frog
   444 | D        | Reached XP level 9. HP: 44/70 MP: 9/9
   448 | D        | Killed a black mamba
   448 | D        | Reached skill level 15 in Fighting
   448 | D        | Reached skill level 14 in Maces & Flails
   452 | D        | HP: 9/71 [komodo dragon (20)]
   457 | D        | Killed a komodo dragon
   462 | D        | Killed a spiny frog
   462 | D        | Reached skill level 15 in Maces & Flails
   463 | D        | Reached skill level 4 in Armour
   465 | D        | Reached skill level 5 in Armour
   474 | D        | Reached skill level 6 in Armour
   618 | D        | Noticed a spiny frog
   618 | D        | Noticed a spiny frog
   618 | D        | Noticed a four-headed hydra
   624 | D        | Noticed an eight-headed hydra
   628 | D        | Reached skill level 7 in Armour
   633 | D        | Killed a four-headed hydra
   633 | D        | Reached skill level 10 in Armour
   633 | D        | Reached XP level 10. HP: 62/76 MP: 10/10
   640 | D        | Killed a spiny frog
   640 | D        | Reached skill level 11 in Armour
   648 | D        | HP: 19/76 [eight-headed hydra (1)]
   651 | D        | Killed an eight-headed hydra
   651 | D        | Reached skill level 12 in Armour
   654 | D        | HP: 19/76 [spiny frog (1)]
   655 | D        | HP: 7/76 [spiny frog (12)]
   663 | D        | Killed a spiny frog
   663 | D        | Reached skill level 13 in Armour
   864 | D        | Noticed a lindwurm
   864 | D        | Noticed a lindwurm
   867 | D        | Killed a lindwurm
   867 | D        | Reached skill level 14 in Armour
   868 | D        | Noticed a lindwurm
   874 | D        | Killed a lindwurm
   874 | D        | Reached skill level 15 in Armour
   884 | D        | Reached XP level 11. HP: 27/82 MP: 11/11
   892 | D        | HP: 11/82 [tyrant leech (17)]
   904 | D        | Killed a lindwurm
   909 | D        | Reached skill level 16 in Fighting
   909 | D        | Reached skill level 16 in Maces & Flails
   961 | D        | Noticed Sonja
   978 | D        | Killed Sonja
   994 | D        | Noticed Erica
  1005 | D        | Killed Erica
  1194 | D        | Noticed an orc knight
  1194 | D        | Noticed an orc knight
  1201 | D        | Killed an orc knight
  1203 | D        | Noticed an orc knight
  1215 | D        | Killed an orc knight
  1215 | D        | Reached skill level 17 in Fighting
  1220 | D        | HP: 20/85 [orc knight/enchanted great sword (12)]
  1228 | D        | HP: 10/85 [orc knight/enchanted great sword (9)]
  1230 | D        | Killed an orc knight
  1230 | D        | Reached skill level 17 in Maces & Flails
  1237 | D        | HP: 17/85 [orc warrior/trident (10)]
  1241 | D        | Slain by an orc warrior

Vault maps used:
D:        linesprint

Skill      XL: |  1  2  3  4  5  6  7  8  9 10 11 |
---------------+----------------------------------+-----
Fighting       | 4 7 9 10 12 13 14 15 17 | 17.3
Maces & Flails | 3 6 8 9 11 12 13 15 17 | 17.1
Armour         | 10 15 | 15.2
Shields        | |  3.2

Action                   |  1- 3 |  4- 6 |  7- 9 | 10-12 || total
-------------------------+-------+-------+-------+-------++-------
Melee: Flail             |    36 |    13 |       |       ||    49
       Dire flail        |       |    18 |    96 |   132 ||   246
Invok: Sacrifice Love    |       |       |     1 |       ||     1
       Reject Sacrifices |       |       |       |     1 ||     1
  Use: Potion            |     4 |       |     2 |    10 ||    16
 Stab: Invisible         |       |       |       |     3 ||     3
  Eat: Chunk             |       |       |       |     1 ||     1
Armor: Scale mail        |    16 |     5 |    34 |    65 ||   120
Dodge: Dodged            |    15 |     5 |    23 |    69 ||   112
Block: Shield            |    25 |     4 |       |       ||    29

Table legend:
 A = Spawn XP
 B = Non-spawn XP
 C = Spawn XP percentage of total XP
 D = Spawn monster count
 E = Non-spawn monster count
 F = Spawn count percentage of total count
 G = Total turns spent on level
                    A         B        C        D         E        F      G
               +---------+---------+-------+---------+---------+-------+---------
         Total |       0 |   14410 |   0.0 |       0 |      57 |   0.0 |  1241
               +---------+---------+-------+---------+---------+-------+---------
             D |       0 |   14410 |   0.0 |       0 |      57 |   0.0 |  1241
               +---------+---------+-------+---------+---------+-------+---------

Vault maps used:
D:        linesprint

Table legend:
 A = Turns spent in this place as a percentage of turns spent in the entire game.
 B = Non-inter-level travel turns spent in this place as a percentage of non-inter-level travel turns spent in the entire game.
 C = Inter-level travel turns spent in this place as a percentage of turns spent in this place.
 D = Turns resting spent in this place as a percentage of non-inter-level travel turns spent in this place.
 E = Turns spent auto-exploring this place as a percentage of non-inter-level travel turns spent in this place.
 F = Non-inter-level travel turns spent in this place divided by the number of levels of this place that you've seen.
                   A       B       C       D       E      F
               +-------+-------+-------+-------+-------+----------------------
         Total | 100.0 | 100.0 |   0.0 |  24.5 |  26.1 | 1241.0
       Dungeon | 100.0 | 100.0 |   0.0 |  24.5 |  26.1 | 1241.0
               +-------+-------+-------+-------+-------+----------------------

Table legend:
 A = Kills in this place as a percentage of kills in entire the game.
 B = Kills by you in this place as a percentage of kills by you in the entire game.
 C = Kills by friends in this place as a percentage of kills by friends in the entire game.
 D = Other kills in this place as a percentage of other kills in the entire game.
 E = Experience gained in this place as a percentage of experience gained in the entire game.
 F = Experience gained in this place divided by the number of levels of this place that you have seen.
                   A       B       C       D       E      F
               +-------+-------+-------+-------+-------+----------------------
         Total | 100.0 | 100.0 |   N/A |   N/A | 100.0 | 14410.0
       Dungeon | 100.0 | 100.0 |   N/A |   N/A | 100.0 | 14410.0
               +-------+-------+-------+-------+-------+----------------------
